Map: Neon Violet Square LE

Players

SamuraiFunn - Winner!

  • Race: Protoss Protoss
  • League: Platinum
  • Spawn Location: 11:00

A.I. 1 (Very Hard)

  • Race: Zerg Zerg
  • Spawn Location: 5:00

VOD

Have the link to the VOD?

Description

Time

  • Played on: Nov. 29, 2017, 10:17 p.m.
  • Length: 13:34
Show
View Real Time Build Order
Export as new Build Order

SamuraiFunn Protoss - Winner!

Build Orders: 1 Gate Expand 

Get SALT Encoding   

  12  0:01  Probe  
  13  0:13  Probe  
  14  0:21  Pylon  
  14  0:25  Probe  
  15  0:39  Probe  
  16  0:45  Gateway  
  16  0:51  Probe  
  17  1:04  Probe  
  18  1:05  Assimilator  
  18  1:08  Pylon  
  18  1:16  Probe  
  19  1:28  Probe  
  20  1:36  Nexus  
  20  1:40  Probe  
  21  1:51  Zealot (Chrono Boost)  
  23  2:03  Cybernetics Core  
  23  2:12  Probe  
  24  2:27  Probe  
  24  2:28  Assimilator  
  25  2:41  Warp Gate (Chrono Boost)  
  25  2:52  Gateway  
  25  2:56  Robotics Facility  
  25  2:59  Probe  
  25  3:00  Probe  
  27  3:12  Probe x2  
  29  3:14  Gateway  
  29  3:18  Adept  
  31  3:24  Probe x2  
  33  3:39  Probe x2  
  35  3:46  Stalker  
  37  3:51  Observer  
  38  3:59  Probe x2  
  40  4:09  Pylon  
  40  4:11  Probe x2  
  40  4:12  Observer, Pylon  
  42  4:22  Assimilator  
  42  4:33  Probe  
  42  4:34  Probe  
  44  4:39  Observer  
  45  4:55  Robotics Facility  
  45  4:57  Probe x2  
  47  5:00  Observer, Stalker x3  
  47  5:03  Assimilator  
  54  5:11  Probe x2  
  56  5:29  Nexus  
  56  5:33  Pylon  
  56  5:34  Pylon  
  56  5:37  Pylon  
  56  5:47  Probe x2  
  58  5:56  Assimilator  
  58  5:57  Stalker x3  
  58  5:59  Probe x2  
  58  6:01  Assimilator  
  66  6:05  Gateway  
  66  6:06  Gateway  
  66  6:07  Gateway  
  66  6:08  Immortal  
  66  6:11  Gateway  
  70  6:12  Immortal  
  70  6:14  Probe x2  
  76  6:26  Probe x2  
  78  6:36  Stalker  
  78  6:37  Stalker x2  
  84  6:42  Probe x3  
  87  7:05  Immortal  
  87  7:06  Immortal  
  95  7:23  Probe x3  
  95  7:28  Stalker  
  100  7:38  Pylon  
  100  7:39  Probe  
  100  7:41  Pylon  
  101  7:46  Pylon  
  101  7:49  Pylon  
  101  7:53  Observer, Forge x2  
  101  7:56  Probe x2, Pylon  
  103  7:59  Stalker x3  
  103  8:01  Pylon  
  103  8:02  Immortal x2  
  117  8:07  Pylon  
  113  8:42  Stalker  
  113  8:43  Stalker  
  113  8:45  Stalker  
  112  9:06  Stalker x3  
  112  9:07  Stalker x2  
  106  9:31  Gateway  
  106  9:33  Gateway  
  106  9:36  Immortal x2  
  106  9:37  Robotics Facility  
  106  9:38  Robotics Facility, Protoss Ground Weapons Level 1  
  114  9:39  Protoss Shields Level 1  
  114  9:43  Stalker x4  
  114  9:44  Stalker x2  
  117  10:03  Robotics Bay  
  111  10:27  Nexus  
  111  10:30  Pylon  
  111  10:32  Pylon  
  111  10:35  Immortal x2, Assimilator  
  119  10:36  Immortal x2  
  119  10:39  Assimilator  
  119  10:41  Stalker x2  
  127  10:44  Stalker  
  127  10:45  Stalker x2  
  127  10:49  Stalker  
  131  11:06  Stalker x2  
  135  11:23  Zealot x4  
  143  11:31  Twilight Council  
  143  11:32  Protoss Ground Armor Level 1  
  143  11:54  Stalker x3  
  143  11:55  Stalker x3  
Show
View Real Time Build Order
Export as new Build Order

A.I. 1 (Very Hard) Zerg 

Build Orders: Pool First 

Get SALT Encoding   

  12  0:00  Drone  
  13  0:12  Overlord  
  13  0:18  Drone  
  14  0:31  Drone x2  
  14  0:34  Drone  
  17  0:47  Spawning Pool  
  17  0:48  Drone  
  17  1:11  Hatchery  
  16  1:14  Drone  
  16  1:17  Extractor  
  16  1:20  Drone  
  16  1:24  Extractor  
  16  1:27  Drone  
  16  1:31  Drone  
  18  1:38  Drone  
  19  1:49  Overlord  
  19  2:00  Queen  
  21  2:05  Zergling x2  
  22  2:11  Drone  
  23  2:30  Queen  
  23  2:35  Drone  
  26  2:40  Drone  
  27  2:45  Drone  
  27  2:50  Drone  
  29  3:05  Roach Warren  
  28  3:06  Drone  
  28  3:10  Drone  
  30  3:13  Zergling x2  
  30  3:18  Zergling x2  
  32  3:23  Overlord  
  32  3:27  Drone  
  32  3:29  Drone  
  34  3:45  Roach x2  
  34  3:46  Roach x2  
  42  3:54  Lair  
  42  3:59  Overlord  
  42  4:04  Overlord  
  42  4:07  Zergling x2  
  42  4:09  Zergling x2  
  44  4:17  Zergling x2, Drone x2  
  44  4:19  Drone  
  44  4:22  Drone  
  49  4:24  Drone  
  49  4:29  Overlord  
  50  4:33  Roach  
  50  4:37  Roach  
  54  4:40  Roach  
  54  4:43  Roach  
  58  4:47  Overlord  
  58  4:53  Drone  
  58  4:54  Hydralisk Den  
  58  4:56  Drone  
  58  4:58  Drone  
  60  5:01  Roach  
  62  5:08  Drone  
  62  5:10  Drone  
  62  5:12  Drone  
  62  5:14  Drone  
  66  5:18  Overlord  
  66  5:20  Drone  
  67  5:22  Drone  
  67  5:23  Hydralisk  
  67  5:24  Drone  
  67  5:28  Hydralisk  
  73  5:31  Hydralisk  
  75  5:35  Hydralisk  
  75  5:38  Overlord  
  75  5:40  Drone  
  75  5:42  Drone  
  79  5:44  Drone  
  79  5:45  Drone  
  79  5:47  Drone  
  79  5:49  Drone  
  82  5:51  Drone  
  82  5:56  Hydralisk  
  85  6:00  Hydralisk, Overlord  
  85  6:01  Zergling x2  
  85  6:02  Ravager  
  85  6:03  Ravager  
  90  6:18  Hydralisk, Roach, Overlord  
  92  6:19  Roach  
  92  6:20  Infestation Pit  
  92  6:21  Hydralisk  
  97  6:26  Metabolic Boost  
  97  6:32  Evolution Chamber  
  96  6:36  Roach, Overlord  
  96  6:37  Roach  
  100  6:47  Extractor  
  100  6:49  Evolution Chamber  
  100  6:51  Drone  
  100  6:52  Drone, Extractor  
  99  6:55  Evolution Chamber  
  99  6:56  Drone  
  99  6:57  Infestor  
  99  6:59  Zerg Melee Weapons Level 1  
  101  7:04  Spine Crawler  
  101  7:06  Drone  
  101  7:07  Drone, Spine Crawler  
  101  7:09  Drone x2, Overlord  
  101  7:10  Drone  
  101  7:13  Overseer  
  101  7:14  Drone  
  101  7:15  Zerg Missile Weapons Level 1, Drone x2  
  107  7:19  Infestor  
  109  7:34  Zerg Ground Armor Level 1  
  109  7:36  Roach, Overlord  
  111  7:40  Hydralisk  
  113  7:46  Spore Crawler, Hatchery  
  113  7:48  Drone, Spore Crawler  
  113  7:51  Hydralisk  
  111  7:54  Hydralisk  
  111  7:57  Hydralisk  
  117  8:01  Overlord  
  117  8:10  Drone, Lurker Den  
  117  8:25  Spine Crawler  
  116  8:37  Hive  
  117  8:55  Zergling x2  
  117  8:56  Zergling x6, Overlord  
  117  8:58  Hydralisk, Zergling x2, Queen, Drone x2  
  117  8:59  Zergling x2, Drone x3  
  117  9:00  Zergling x4, Drone x3  
  117  9:01  Drone  
  127  9:03  Drone  
  127  9:05  Drone  
  127  9:07  Extractor  
  127  9:09  Roach  
  101  9:11  Roach  
  101  9:16  Roach  
  92  9:19  Drone  
  92  9:22  Drone  
  92  9:23  Overseer  
  92  9:26  Zergling x4, Drone  
  92  9:27  Hydralisk, Roach  
  92  9:28  Drone  
  92  9:29  Drone  
  92  9:30  Drone  
  102  9:33  Drone  
  102  9:38  Drone  
  104  9:41  Drone  
  104  9:44  Drone  
  104  9:48  Drone  
  104  9:51  Drone  
  93  9:54  Hydralisk  
  93  9:58  Zergling x4, Roach, Ravager x2  
  93  9:59  Hydralisk x2, Zergling x2, Viper  
  96  10:02  Drone  
  96  10:06  Roach  
  96  10:07  Overseer  
  102  10:11  Zergling x2  
  98  10:17  Roach  
  90  10:21  Roach  
  89  10:28  Zergling x6  
  89  10:30  Hydralisk, Zergling x2, Roach  
  89  10:33  Zergling x2  
  91  10:39  Drone  
  82  10:44  Roach  
  72  10:50  Hatchery, Roach  
  72  10:54  Hydralisk  
  49  11:16  Zergling x2  
  37  11:20  Zergling x2  
  34  11:29  Roach  
  34  11:40  Roach  
  34  11:43  Zergling x2  
Tags
 
Add a new tag
Caveats
  • Supply blocks, unpowered buildings, or Contaminate may cause inaccurate times.
  • Supply counts are checked every 10 seconds.